 Dungeon Crawl Stone Soup version 0.31-a0-233-g139696dc86 (webtiles) character file.

Game seed: 7674075765303772265

64 voltaire321 the Stinger (level 3, -9/26 HPs)
             Began as a Demonspawn Venom Mage on July 8, 2023.
             Mangled by Sigmund
             ... wielding a +1 heavy scythe
              (14 damage)
             ... on level 2 of the Dungeon.
             The game lasted 00:04:38 (1384 turns).

voltaire321 the Stinger (Demonspawn Venom Mage)     Turns: 1384, Time: 00:04:39

Health: -9/26      AC: 10    Str: 10    XL:     3   Next: 91%
Magic:  1/6        EV: 11    Int: 18    God:
Gold:   20         SH:  0    Dex: 13    Spells: 4/7 levels left

rFire   . . .        h - +4 dagger
rCold   . . .        (no shield)
rNeg    + + .        k - +4 ring mail of the Ubiquitous Echidna {rN++ rCorr Int+2 Stlth-}
rPois   .            n - +0 helmet
rElec   .            (no cloak)
rCorr   +            (no gloves)
SInv    .            (no boots)
Will    .....        (no amulet) Stlth
                     (no ring)
HPRegen 0.24/turn    (no ring)
MPRegen 0.20/turn

%: no passive effects
@: no status effects
A: magic regeneration, sturdy frame 1
a: no special abilities


You were on level 2 of the Dungeon.
You visited 1 branch of the dungeon, and saw 3 of its levels.

You collected 42 gold pieces.
You spent 22 gold pieces at shops.

Inventory:

Hand Weapons
 h - a +4 dagger (weapon)
Armour
 k - the +4 ring mail of the Ubiquitous Echidna (worn) {rN++ rCorr Int+2 Stlth-}
   (You found it on level 2 of the Dungeon)

   Int:       It affects your intelligence (+2).
   rN:        It greatly protects you from negative energy.
   rCorr:     It protects you from acid and corrosion.
   Stlth:     It makes you less stealthy.
 n - a +0 helmet (worn)
Jewellery
 f - a ring of ice
Scrolls
 d - a scroll of identify
 e - a scroll of amnesia {unknown}
 g - a scroll of fear {unknown}
 j - a scroll of silence {unknown}
 l - 4 scrolls of fog {unknown}
Potions
 b - a potion of magic
 c - a potion of enlightenment
 i - a potion of brilliance
 m - a potion of curing


   Skills:
 + Level 1.3 Fighting
 + Level 1.1 Armour
 + Level 2.3 Dodging
 - Level 1.7 Stealth
 + Level 2.5 Spellcasting
 - Level 1.0 Transmutations
 + Level 3.4 Poison Magic


You had 4 spell levels left.
You knew the following spells:

 Your Spells              Type           Power      Damage    Failure   Level
a - Sting                 Tmut/Pois      40%        1d5       11%         1
b - Poisonous Vapours     Pois/Air       16%        N/A       21%         2

Your spell library contained the following spells:

 Spells                   Type           Power      Damage    Failure   Level
 Mephitic Cloud           Conj/Pois/Air  6%         N/A       45%         3
 Olgreb's Toxic Radiance  Pois           14%        N/A       56%         4


Dungeon Overview and Level Annotations

Branches:
Dungeon (3/15)

Altars:

Shops:
D:1 ?

Annotations:
D:2 Sigmund


Innate Abilities, Weirdness & Mutations

You regenerate magic rapidly.
Your movements are slightly less encumbered by armour. (ER -2)


Message History

Aim: Sigmund, wielding a +1 heavy scythe, wearing a +0 robe and carrying a wand of digging (4) Poisonous vapours surround Sigmund!
Sigmund is poisoned.
Sigmund casts a spell at you. The magic dart hits you.
Casting: Poisonous Vapours (safe; 21% risk of failure)
Confirm with . or Enter, or press ? or * to list all spells.
Aiming: Poisonous Vapours (safe; 21% risk of failure)
Press: ? - help, Dir - move target, f/p - Sigmund
Aim: Sigmund, wielding a +1 heavy scythe, wearing a +0 robe and carrying a wand of digging (4) (poisoned) Poisonous vapours surround Sigmund!
Sigmund looks even sicker.
Sigmund points at you and mumbles some strange words.
You resist with significant effort.
Your magical contamination has completely faded away.
Aiming: Sting (safe; 11% risk of failure)
Press: ? - help, Q - select action, (/) - cycle Shift-Dir - straight line, f/p - Sigmund
Aim: Sigmund, wielding a +1 heavy scythe, wearing a +0 robe and carrying a wand of digging (4) (moderately wounded, poisoned, 68% to hit)
The sting misses Sigmund.
Sigmund barely misses you.
Aiming: Sting (safe; 11% risk of failure)
Press: ? - help, Q - select action, (/) - cycle Shift-Dir - straight line, f/p - Sigmund
Aim: Sigmund, wielding a +1 heavy scythe, wearing a +0 robe and carrying a wand of digging (4) (moderately wounded, poisoned, 68% to hit)
The sting hits Sigmund.
Sigmund looks even sicker.
Sigmund is heavily wounded.
Sigmund casts a spell at you. The magic dart hits you.
You closely miss Sigmund.
Sigmund is heavily wounded.
Sigmund casts a spell at you. The magic dart hits you!
You barely miss Sigmund.
Sigmund is severely wounded.
Sigmund hits you with a +1 heavy scythe!
* * * LOW HITPOINT WARNING * * *
You hit Sigmund.
Sigmund is almost dead.
You hit Sigmund.
Sigmund is almost dead.
Sigmund hits you with a +1 heavy scythe!
Ouch! That really hurt!
You die...

..
#..###......####.####.#
#.##)@.##......# ##.#
#..............# #..#
####...........###.##
#......#######..#####.#
###.......####..........#
#..........#.....########
#...#####@...#.#........
#...+...@.>.##.#.#######
#...##########.#.# #####
#.#.# #####†#.##
#........# #........#
#........#
#####.#.########
#...........


You could see Sigmund (poisoned).

Vanquished Creatures
  Robin (D:3)
  2 worms (D:2)
  2 dart slugs (D:1)
  A ball python (D:1)
  4 endoplasms
  2 giant cockroaches (D:1)
  3 hobgoblins
  3 jackals (D:1)
  2 kobolds (D:1)
  2 quokkas (D:1)
  3 bats
  12 goblins
  2 rats (D:1)
39 creatures vanquished.

Notes
Turn   | Place    | Note
-------+----------+-------------------------------------------
     0 | D:1      | voltaire321 the Demonspawn Venom Mage began the quest for
                  | the Orb.
     0 | D:1      | Reached XP level 1. HP: 13/13 MP: 3/3
   101 | D:1      | Found Taisepuk's Magic Scroll Shop.
   118 | D:1      | Reached skill level 1 in Transmutations
   124 | D:1      | Bought a scroll of identify for 22 gold pieces
   348 | D:1      | Gained mutation: Your movements are slightly less
                  | encumbered by armour. (ER -2) [demonic ancestry]
   348 | D:1      | Reached XP level 2. HP: 20/20 MP: 1/5
   847 | D:1      | Reached skill level 1 in Fighting
  1031 | D:2      | Identified the +4 ring mail of the Ubiquitous Echidna {rN++
                  | rCorr Int+2 Stlth-}
  1035 | D:2      | Gained mutation: You regenerate magic rapidly. [demonic
                  | ancestry]
  1035 | D:2      | Reached XP level 3. HP: 26/26 MP: 3/6
  1222 | D:2      | Noticed Sigmund
  1235 | D:3      | Reached skill level 1 in Armour
  1237 | D:3      | Noticed Robin
  1253 | D:3      | Killed Robin
  1360 | D:3      | Learned a level 2 spell: Poisonous Vapours
  1384 | D:2      | Mangled by Sigmund

Illustrated notes

Levels and vault maps discovered:
D:1:      dpeg_arrival_ternary, layout_basic, serial_shops, shop_fountains
D:2:      layout_basic, minmay_box_of_dots, uniq_sigmund
D:3:      layout_basic, zin_scriptorium, ebering_ghost_sewer_f,
          minmay_misc_feat_rugged, uniq_natasha, uniq_robin, uniq_jessica

Skill      XL: |  1  2  3 |
---------------+----------+-----
Transmutations | 1 |  1.0
Dodging        | 2 |  2.3
Fighting       | 1 |  1.3
Armour         | 1 |  1.1
Stealth        | |  1.7
Spellcasting   | |  2.5
Poison Magic   | |  3.4

Action                     || total
---------------------------++-------
  Melee: Unarmed           ||     1
         Dagger            ||    56
   Cast: Sting             ||    56
         Poisonous Vapours ||     2
    Use: Scroll            ||     3
 Armour: Robe              ||     5
         Ring mail         ||    23
  Dodge: Dodged            ||    30

Table legend: (Time is in decaauts)
 A = Elapsed time spent in this place.
 B = Non-inter-level travel time spent in this place.
 C = Inter-level travel time spent in this place.
 D = Time resting spent in this place.
 E = Time spent auto-exploring this place.
 F = Levels seen in this place.
 G = Mean time per level.
                   A        B        C        D        E       F      G
               +--------+--------+--------+--------+--------+-----+--------+
         Total |   1383 |   1304 |     79 |    209 |    756 |   3 |  461.0 |
       Dungeon |   1383 |   1304 |     79 |    209 |    756 |   3 |  461.0 |
               +--------+--------+--------+--------+--------+-----+--------+

Top non-repeatable levels by time:
     D:1: 1026 daAuts
     D:2: 224 daAuts
     D:3: 132 daAuts
